 Dungeon Crawl Stone Soup version 0.21-a0-150-gc243083 (webtiles) character file.

1498 valhalheru the Skirmisher (level 8, -4/74 HPs)
             Began as a Hill Orc Berserker on July 28, 2017.
             Was an Elder of Trog.
             Slain by a hornet (10 damage)
             ... on level 7 of the Dungeon.
             The game lasted 00:24:10 (7376 turns).

valhalheru the Skirmisher (Hill Orc Berserker)      Turns: 7376, Time: 00:24:10

Health: -4/74      AC: 12    Str: 22    XL:     8   Next: 81%
Magic:  8/8        EV:  3    Int:  7    God:    Trog [****..]
Gold:   236        SH: 13    Dex: 10    Spells: 7/7 levels left

rFire    . . .     SeeInvis .   s - +2 flail (crush)
rCold    . . .     Gourm    .   F - +0 large shield
rNeg     . . .     Faith    .   q - +0 chain mail
rPois    .         Spirit   .   (no helmet)
rElec    .         Reflect  +   (no cloak)
rCorr    .         Harm     .   o - +1 pair of gloves
MR       .....                  (no boots)
Stlth    ..........             d - +2 amulet of reflection
HPRegen  0.22/turn              (no ring)
MPRegen  0.11/turn              (no ring)

@: lethally poisoned (-4 -> -21), slowed, very slow
A: no striking features
a: Berserk, Trog's Hand, Brothers in Arms, Burn Spellbooks, Renounce Religion


You were on level 7 of the Dungeon.
You worshipped Trog.
Trog was greatly pleased with you.
You were not hungry.

You visited 1 branch of the dungeon, and saw 7 of its levels.
You also visited: Ossuary.

You collected 236 gold pieces.

Inventory:

Hand Weapons
 h - a +0 mace of protection
 s - a +2 flail of crushing (weapon)
 t - the +10 rapier "Killer Klown's Regret" {venom, Str+2, unknown}
   (You took it off Eustachio on level 6 of the Dungeon)

   It poisons the flesh of those it strikes.
   It affects your strength (+2).
Missiles
 f - 131 stones (quivered)
 D - 2 tomahawks
Armour
 o - a +1 pair of gloves (worn)
 q - a +0 chain mail (worn)
 F - a +0 large shield (worn)
Jewellery
 d - a +2 amulet of reflection (around neck)
Wands
 b - a wand of disintegration (16/24)
 v - a wand of flame (15/48)
 w - a wand of lightning (4/15)
 y - a wand of polymorph (8/24)
Scrolls
 e - 2 scrolls of recharging
 n - 3 scrolls of remove curse
 p - 3 scrolls of teleportation
 u - 2 scrolls of fog
 E - a scroll of enchant armour
Potions
 a - 5 potions of curing
 g - a potion of brilliance {unknown}
 i - 3 potions of lignification
 j - 3 potions of cancellation
 l - a potion of resistance
 r - 3 potions of agility {unknown}
 x - 4 potions of haste
 z - 3 potions of mutation {unknown}
 A - 3 potions of heal wounds {unknown}
 B - a potion of flight
 C - 2 potions of might {unknown}
Comestibles
 c - a bread ration
 m - a royal jelly
 G - 2 fruits


   Skills:
 * Level 7.7 Fighting
   Level 5.9(7.2) Axes
 * Level 5.2(6.1) Maces & Flails
 + Level 3.0 Throwing
 * Level 6.5 Armour
 - Level 1.5 Dodging


You had 7 spell levels left.
You didn't know any spells.

Dungeon Overview and Level Annotations

Branches:
Dungeon (7/15)             Temple (0/1) D:6

Altars:
Yredelemnul


Message History

You are too injured to fight recklessly!
You are too injured to fight recklessly!
You are too injured to fight recklessly!
You are too injured to fight recklessly!
You are too injured to fight recklessly!
You closely miss the hornet.
The hornet is severely wounded.
You feel very sick. You block the hornet's attack. The hornet stings you.
* * * LOW HITPOINT WARNING * * *
You suddenly lose the ability to move!
The hornet stings you!
* * * LOW HITPOINT WARNING * * *
You feel as though you will be slow longer.
You can move again.
Your shield and chain mail prevent you from hitting the hornet.
The hornet is severely wounded.
* * * LOW HITPOINT WARNING * * *
You feel very sick.
You block the hornet's attack. x2; The hornet stings you!
You die...

#########
#.@.....#
#y#####.######
#F#####......#
.O.........#.#
..#####...#.#.#
...
.....#.#<#.#
....
.....#.###.#
..(........+..
.# #.....### ##


You could see a hornet, an ogre and a bullfrog.

Vanquished Creatures
  The ghost of ElMuncho the Skirmisher, an amateur NaFi (D:3)
  Eustachio (D:6)
  An orc warrior (D:6)
  2 centaurs (D:6)
  A bullfrog (D:6)
  2 crimson imps
  A hound (D:6)
  A centaur zombie (Ossuary)
  A bullfrog skeleton (D:6)
  3 human zombies (Ossuary)
  4 orc wizards
  2 iguanas
  Ijyb (D:3)
  4 worker ants
  5 mummies (Ossuary)
  9 gnolls
  7 adders
  2 shadow imps (D:5)
  A worm (D:2)
  3 dart slugs
  5 leopard geckos
  13 orcs
  3 giant cockroaches
  7 hobgoblins
  15 jackals
  2 quokkas (D:3)
  2 ball pythons
  5 bats
  8 frilled lizards
  11 goblins
  2 hobgoblin zombies (Ossuary)
  8 kobolds
  A kobold zombie (Ossuary)
  An orc zombie (Ossuary)
  A quokka skeleton (D:6)
  6 rats
  A spectral orc (D:3)
143 creatures vanquished.

Notes
Turn   | Place    | Note
-------+----------+-------------------------------------------
     0 | D:1      | valhalheru the Hill Orc Berserker began the quest for the Orb.
     0 | D:1      | Reached XP level 1. HP: 19/19 MP: 1/1
   476 | D:1      | Reached XP level 2. HP: 18/27 MP: 2/2
   577 | D:1      | Reached skill level 4 in Fighting
   999 | D:1      | Reached ** piety under Trog
  1071 | D:1      | Reached XP level 3. HP: 33/33 MP: 3/3
  1704 | D:2      | Reached skill level 1 in Throwing
  1704 | D:2      | Reached XP level 4. HP: 41/41 MP: 4/4
  1766 | D:2      | Reached skill level 5 in Axes
  2256 | D:2      | Reached XP level 5. HP: 47/47 MP: 5/5
  2449 | D:3      | Reached *** piety under Trog
  2457 | D:3      | Reached skill level 5 in Fighting
  2723 | D:3      | Noticed ElMuncho's ghost (amateur NaFi)
  2742 | D:3      | Killed ElMuncho's ghost
  2742 | D:3      | Reached XP level 6. HP: 56/56 MP: 6/6
  2924 | D:3      | Found a basalt altar of Yredelemnul.
  3043 | D:3      | HP: 2/56 [poisoned by a kobold]
  3051 | D:3      | HP: 2/56 [poisoned by a kobold]
  3626 | D:3      | Noticed Ijyb
  3636 | D:3      | Killed Ijyb
  4092 | D:4      | Found a sand-covered staircase.
  4100 | Ossuary  | Entered an ossuary
  4125 | Ossuary  | Reached XP level 7. HP: 52/61 MP: 7/7
  4325 | Ossuary  | Reached skill level 6 in Fighting
  4522 | D:4      | Reached skill level 5 in Armour
  5157 | D:4      | Reached **** piety under Trog
  5337 | D:5      | Entered Level 5 of the Dungeon
  5653 | D:5      | Reached XP level 8. HP: 67/71 MP: 8/8
  6230 | D:6      | Noticed Eustachio
  6240 | D:6      | Killed Eustachio
  6240 | D:6      | Reached skill level 7 in Fighting
  6242 | D:6      | Got a polished rapier {venom}
  6463 | D:6      | Reached skill level 5 in Maces & Flails
  7082 | D:6      | Found a staircase to the Ecumenical Temple.
  7366 | D:7      | Noticed a hornet
  7375 | D:7      | Paralysed by a hornet for 1 turns
  7376 | D:7      | Slain by a hornet

Vault maps used:
D:1:      mrwooster_arrival_statue
D:2:      minmay_misc_feat_rows
D:3:      yredelemnul_forgotten_temple_becter, first_bread, grunt_ministairs_7,
          dk_noncrumbling_3, kennysheep_donut, nrook_mini_vaults, uniq_ijyb
D:4:      chequers_ossuary_entry_cave
D:6:      nicolae_whirlpool, minmay_temple_entry_purple_smoke, uniq_eustachio
Ossuary:  ossuary_crypta

Skill      XL: |  1  2  3  4  5  6  7  8 |
---------------+-------------------------+-----
Fighting       | 4 5 6 7 |  7.7
Throwing       | 1 2 3 |  3.0
Axes           | 5 |  5.9
Armour         | 3 4 5 6 |  6.5
Maces & Flails | 2 3 5 |  5.2
Dodging        | |  1.5

Action                   |  1- 3 |  4- 6 |  7- 9 || total
-------------------------+-------+-------+-------++-------
Melee: Hand axe          |   115 |    19 |       ||   134
       Flail             |       |   114 |   159 ||   273
Throw: Stone             |    63 |    97 |   132 ||   292
Invok: Berserk           |     1 |     4 |     1 ||     6
       Burn Spellbooks   |       |       |     2 ||     2
  Use: Scroll            |       |     8 |     7 ||    15
       Potion            |       |       |     3 ||     3
  Eat: Chunk             |     4 |     6 |     6 ||    16
       Meat ration       |       |     1 |       ||     1
       Bread ration      |       |       |     2 ||     2
Armor: Animal skin       |    12 |       |       ||    12
       Chain mail        |     4 |    93 |    74 ||   171
Dodge: Dodged            |    68 |    92 |    60 ||   220
Block: Other             |       |     8 |     5 ||    13
       Large shield      |       |       |    10 ||    10
       Reflection        |       |       |     1 ||     1
